| TOP OF THE 1ST |
|
London Majors batting - Pitching for Paris Cubs : RHP Tyler McCoy
|
|
Pitching: RHP Tyler McCoy
|
|
|
Batting: SHB Willie de Gracia
|
0-0: Ball 1-0: Ball 2-0: Called Strike 2-1: Ground out 3-1 (Groundball, 34, EV 94.4 MPH)
|
|
Batting: RHB King Pinsent
|
0-0: Ball 1-0: Called Strike 1-1: Ball 2-1: Ball 3-1: Foul Ball, location: 2F 3-2: Foul Ball, location: 2F 3-2: Foul Ball, location: 2F 3-2: Foul Ball, location: 2F 3-2: Base on Balls
|
|
Batting: RHB Tom Bergman
|
0-0: Ball 1-0: Fly out, F8 (Flyball, 8LD, EV 105.6 MPH)
|
|
Batting: LHB Danny Hamilton
|
0-0: Hit by Pitch King Pinsent to second
|
|
Batting: LHB Trevor Durbin
|
0-0: Ball 1-0: Reached on error, E4 (Groundball, 4, EV 82.5 MPH) King Pinsent scores Danny Hamilton to third
|
|
Batting: SHB John Webb
|
0-0: Ball 1-0: Ground out 6-3 (Groundball, 6M, EV 98.1 MPH)
|
| Top of the 1st over - 1 run, 0 hits, 1 error, 2 left on base; London 1 - Paris 0 |
| BOTTOM OF THE 1ST |
|
Paris Cubs batting - Pitching for London Majors : RHP Tony Ortiz
|
|
Pitching: RHP Tony Ortiz
|
|
|
Batting: RHB Willie Rubio
|
0-0: Called Strike 0-1: SINGLE (Line Drive, 56, EV 101.9 MPH)
|
|
Batting: RHB Michihisa Tanaka
|
0-0: Foul Ball, location: 2F 0-1: Swinging Strike 0-2: Ball 1-2: Strikes out looking
|
|
Batting: LHB Jeremy Rideout
|
0-0: Called Strike 0-1: Ball 1-1: Called Strike 1-2: Ball 2-2: Ball 3-2: Foul Ball, location: 2F 3-2: Ground out 4-3 (Groundball, 4, EV 106.9 MPH) Willie Rubio to second
|
|
Batting: LHB David Mendez
|
0-0: Reached on error, E6 (Groundball, 6, EV 93.1 MPH) Willie Rubio to third
|
|
Batting: RHB Jesus Resendez
|
0-0: Fly out, F9 (Flyball, 89M, EV 93.8 MPH)
|
| Bottom of the 1st over - 0 runs, 1 hit, 1 error, 2 left on base; London 1 - Paris 0 |
| TOP OF THE 2ND |
|
London Majors batting - Pitching for Paris Cubs : RHP Tyler McCoy
|
|
Batting: LHB Bill Hall
|
0-0: Called Strike 0-1: Ball 1-1: SINGLE (Groundball, 4D, EV 95.6 MPH)
|
|
Batting: LHB Seth Garrigan
|
0-0: Fly out, F9 (Flyball, 9, EV 87.5 MPH)
|
|
Batting: RHB Jerry Perez
|
0-0: Called Strike 0-1: Called Strike 0-2: Grounds into double play, 4-6-3 (Groundball, 4, EV 90.6 MPH)
|
| Top of the 2nd over - 0 runs, 1 hit, 0 errors, 0 left on base; London 1 - Paris 0 |
| BOTTOM OF THE 2ND |
|
Paris Cubs batting - Pitching for London Majors : RHP Tony Ortiz
|
|
Batting: RHB Jason Banks
|
0-0: Ball 1-0: Ball 2-0: Called Strike 2-1: Foul Ball, location: 2F 2-2: Ground out 5-3 (Groundball, 56S, EV 70.6 MPH)
|
|
Batting: LHB Bobby Marlatt
|
0-0: Ball 1-0: Ball 2-0: Called Strike 2-1: Foul Ball, location: 2F 2-2: Foul Ball, location: 2F 2-2: Ball 3-2: Foul Ball, location: 2F 3-2: Strikes out swinging, 2-3 out at first.
|
|
Batting: RHB Jorge Robles
|
0-0: SINGLE (Groundball, 56D, EV 96.9 MPH)
|
|
Batting: RHB Mike Prado
|
0-0: Called Strike 0-1: Swinging Strike 0-2: Ball 1-2: Strikes out swinging
|
| Bottom of the 2nd over - 0 runs, 1 hit, 0 errors, 1 left on base; London 1 - Paris 0 |
| TOP OF THE 3RD |
|
London Majors batting - Pitching for Paris Cubs : RHP Tyler McCoy
|
|
Batting: SHB Willie de Gracia
|
0-0: Ball 1-0: Called Strike 1-1: Foul Ball, location: 2F 1-2: Foul Ball, location: 2F 1-2: Ball 2-2: SOLO HOME RUN (Flyball, 9LD, EV 96.2 MPH), Distance : 358 ft
|
|
Batting: RHB King Pinsent
|
0-0: Ball 1-0: Swinging Strike 1-1: Foul Ball, location: 2F 1-2: Ground out 6-3 (Groundball, 6, EV 83.1 MPH)
|
|
Batting: RHB Tom Bergman
|
0-0: Called Strike 0-1: Ball 1-1: Swinging Strike 1-2: Ground out 5-3 (Groundball, 5L, EV 92.5 MPH)
|
|
Batting: LHB Danny Hamilton
|
0-0: Called Strike 0-1: Ball 1-1: Fly out, F8 (Flyball, 89M, EV 92.5 MPH)
|
| Top of the 3rd over - 1 run, 1 hit, 0 errors, 0 left on base; London 2 - Paris 0 |
| BOTTOM OF THE 3RD |
|
Paris Cubs batting - Pitching for London Majors : RHP Tony Ortiz
|
|
Batting: RHB Willie Rubio
|
0-0: Ball 1-0: Called Strike 1-1: Ball 2-1: Foul Ball, location: 2F 2-2: SOLO HOME RUN (Flyball, 7D, EV 98.8 MPH), Distance : 395 ft
|
|
Batting: RHB Michihisa Tanaka
|
0-0: Ball 1-0: Called Strike 1-1: Fly out, F8 (Flyball, 8LD, EV 88.8 MPH)
|
|
Batting: LHB Jeremy Rideout
|
0-0: Called Strike 0-1: Ball 1-1: Swinging Strike 1-2: Strikes out swinging
|
|
Batting: LHB David Mendez
|
0-0: Called Strike 0-1: Swinging Strike 0-2: Hit by Pitch
|
|
Batting: RHB Jesus Resendez
|
0-0: Ball 1-0: Swinging Strike 1-1: Ball 2-1: Ball 3-1: Base on Balls David Mendez to second
|
|
Batting: RHB Jason Banks
|
0-0: Fly out, F9 (Flyball, 89M, EV 85.6 MPH)
|
| Bottom of the 3rd over - 1 run, 1 hit, 0 errors, 2 left on base; London 2 - Paris 1 |
| TOP OF THE 4TH |
|
London Majors batting - Pitching for Paris Cubs : RHP Tyler McCoy
|
|
Batting: LHB Trevor Durbin
|
0-0: Ball 1-0: Ball 2-0: Ball 3-0: Called Strike 3-1: Foul Ball, location: 2F 3-2: Ground out 4-3 (Groundball, 4, EV 105.0 MPH)
|
|
Batting: SHB John Webb
|
0-0: Ball 1-0: Ball 2-0: Ground out 6-3 (Groundball, 4, EV 88.8 MPH)
|
|
Batting: LHB Bill Hall
|
0-0: Ball 1-0: Foul Ball, location: 2F 1-1: Ball 2-1: Fly out, F9 (Flyball, 9D, EV 100.6 MPH)
|
| Top of the 4th over - 0 runs, 0 hits, 0 errors, 0 left on base; London 2 - Paris 1 |
| BOTTOM OF THE 4TH |
|
Paris Cubs batting - Pitching for London Majors : RHP Tony Ortiz
|
|
Batting: LHB Bobby Marlatt
|
0-0: Foul Ball, location: 2F 0-1: SINGLE (Line Drive, 6MD, EV 95.6 MPH)
|
|
Batting: RHB Jorge Robles
|
0-0: Foul Ball, location: 2F 0-1: Ball 1-1: Foul Ball, location: 2F 1-2: Foul Ball, location: 2F 1-2: Strikes out swinging
|
|
Batting: RHB Mike Prado
|
0-0: Ball 1-0: Swinging Strike 1-1: Foul Ball, location: 2F 1-2: Ball 2-2: Strikes out swinging
|
|
Batting: RHB Willie Rubio
|
0-0: Ball Bobby Marlatt steals 2nd base 1-0: Ball 2-0: Called Strike 2-1: SINGLE (Groundball, 34D, EV 106.9 MPH) Bobby Marlatt to third Runner from 3rd tries for Home, SAFE, throw by RF to home
|
|
Batting: RHB Michihisa Tanaka
|
0-0: Ball Willie Rubio is caught stealing 2nd base 2-4
|
| Bottom of the 4th over - 1 run, 2 hits, 0 errors, 0 left on base; London 2 - Paris 2 |
| TOP OF THE 5TH |
|
London Majors batting - Pitching for Paris Cubs : RHP Tyler McCoy
|
|
Batting: LHB Seth Garrigan
|
0-0: Called Strike 0-1: Fly out, F3 (Popup, 3L, EV 80.0 MPH)
|
|
Batting: RHB Jerry Perez
|
0-0: Ball 1-0: Swinging Strike 1-1: Ground out 6-3 (Groundball, 6, EV 85.6 MPH)
|
|
Batting: SHB Willie de Gracia
|
0-0: Ball 1-0: Ball 2-0: Ball 3-0: Called Strike 3-1: Fly out, F8 (Line Drive, 8RM, EV 86.9 MPH)
|
| Top of the 5th over - 0 runs, 0 hits, 0 errors, 0 left on base; London 2 - Paris 2 |
| BOTTOM OF THE 5TH |
|
Paris Cubs batting - Pitching for London Majors : RHP Tony Ortiz
|
|
Batting: RHB Michihisa Tanaka
|
0-0: Called Strike 0-1: Called Strike 0-2: Ball 1-2: Ball 2-2: Strikes out swinging
|
|
Batting: LHB Jeremy Rideout
|
0-0: Ball 1-0: Fly out, F8 (Flyball, 8RXD, EV 95.0 MPH)
|
|
Batting: LHB David Mendez
|
0-0: Called Strike 0-1: Swinging Strike 0-2: Foul Ball, location: 2F 0-2: Strikes out swinging
|
| Bottom of the 5th over - 0 runs, 0 hits, 0 errors, 0 left on base; London 2 - Paris 2 |
| TOP OF THE 6TH |
|
London Majors batting - Pitching for Paris Cubs : RHP Tyler McCoy
|
|
Batting: RHB King Pinsent
|
0-0: Called Strike 0-1: Swinging Strike 0-2: Ground out 5-3 (Groundball, 56S, EV 83.1 MPH)
|
|
Batting: RHB Tom Bergman
|
0-0: Foul Ball, location: 2F 0-1: Foul Ball, location: 2F 0-2: Ball 1-2: Strikes out swinging
|
|
Batting: LHB Danny Hamilton
|
0-0: Ball 1-0: Fly out, F7 (Line Drive, 78M, EV 91.2 MPH)
|
| Top of the 6th over - 0 runs, 0 hits, 0 errors, 0 left on base; London 2 - Paris 2 |
| BOTTOM OF THE 6TH |
|
Paris Cubs batting - Pitching for London Majors : RHP Tony Ortiz
|
|
Pitching: LHP Gideon Wood
|
|
|
Batting: RHB Jesus Resendez
|
0-0: Ball 1-0: Called Strike 1-1: Fly out, F8 (Flyball, 8RM, EV 93.1 MPH)
|
|
Pitching: RHP Justin Rubino
|
|
|
Batting: RHB Jason Banks
|
0-0: Foul Ball, location: 2F 0-1: Swinging Strike 0-2: Ball 1-2: Ball 2-2: Ground out 4-3 (Groundball, 4M, EV 105.6 MPH)
|
|
Pitching: RHP Joe Linkous
|
|
|
Batting: LHB Bobby Marlatt
|
0-0: Called Strike 0-1: Ground out 5-3 (Groundball, 56, EV 83.1 MPH)
|
| Bottom of the 6th over - 0 runs, 0 hits, 0 errors, 0 left on base; London 2 - Paris 2 |
| TOP OF THE 7TH |
|
London Majors batting - Pitching for Paris Cubs : RHP Tyler McCoy
|
|
Batting: LHB Trevor Durbin
|
0-0: Ball 1-0: Ball 2-0: Called Strike 2-1: DOUBLE (Flyball, 89D, EV 90.0 MPH)
|
|
Batting: SHB John Webb
|
0-0: Called Strike 0-1: Ball 1-1: Ball 2-1: Ball 3-1: Swinging Strike 3-2: Fly out, F8 (Flyball, 8LXD, EV 93.1 MPH) Runner from 2nd tags up, SAFE at 3rd, no throw by CF
|
|
Batting: LHB Bill Hall
|
0-0: Ball 1-0: Foul Ball, location: 2F 1-1: Ground out 6-3 (Groundball, 6, EV 83.8 MPH)
|
|
Batting: LHB Seth Garrigan
|
0-0: Swinging Strike 0-1: Swinging Strike 0-2: Ball 1-2: Ball 2-2: Ball 3-2: Foul Ball, location: 2F 3-2: Base on Balls
|
|
Batting: RHB Jerry Perez
|
0-0: Ground out 4-3 (Groundball, 4, EV 84.4 MPH)
|
| Top of the 7th over - 0 runs, 1 hit, 0 errors, 2 left on base; London 2 - Paris 2 |
| BOTTOM OF THE 7TH |
|
Paris Cubs batting - Pitching for London Majors : RHP Joe Linkous
|
|
Batting: RHB Jorge Robles
|
0-0: Foul Ball, location: 2F 0-1: Ball 1-1: Fly out, F8 (Flyball, 8RD, EV 88.8 MPH)
|
|
Batting: RHB Mike Prado
|
0-0: Called Strike 0-1: Called Strike 0-2: Ball 1-2: Foul Ball, location: 2F 1-2: Fly out, F7 (Flyball, 7D, EV 93.8 MPH)
|
|
Batting: RHB Willie Rubio
|
0-0: Ball 1-0: Ball 2-0: Ball 3-0: Ground out 4-3 (Groundball, 4, EV 93.8 MPH)
|
| Bottom of the 7th over - 0 runs, 0 hits, 0 errors, 0 left on base; London 2 - Paris 2 |
| TOP OF THE 8TH |
|
London Majors batting - Pitching for Paris Cubs : RHP Tyler McCoy
|
|
Batting: SHB Willie de Gracia
|
0-0: Foul Ball, location: 2F 0-1: Ball 1-1: Swinging Strike 1-2: Strikes out swinging
|
|
Batting: RHB King Pinsent
|
0-0: Foul Ball, location: 2F 0-1: Fly out, F3 (Popup, 23F, EV 90.6 MPH)
|
|
Batting: RHB Tom Bergman
|
0-0: Ball 1-0: Ball 2-0: Swinging Strike 2-1: Foul Ball, location: 2F 2-2: Foul Ball, location: 2F 2-2: Foul Ball, location: 2F 2-2: Strikes out looking
|
| Top of the 8th over - 0 runs, 0 hits, 0 errors, 0 left on base; London 2 - Paris 2 |
| BOTTOM OF THE 8TH |
|
Paris Cubs batting - Pitching for London Majors : RHP Joe Linkous
|
|
Pitching: LHP Kenny Russell
|
|
|
Batting: RHB Michihisa Tanaka
|
0-0: Called Strike 0-1: Foul Ball, location: 2F 0-2: Strikes out swinging, 2-3 out at first.
|
|
Batting: LHB Jeremy Rideout
|
0-0: Foul Ball, location: 2F 0-1: Swinging Strike 0-2: Strikes out swinging
|
|
Batting: LHB David Mendez
|
0-0: Called Strike 0-1: Ball 1-1: Ball 2-1: Foul Ball, location: 2F 2-2: Strikes out swinging
|
| Bottom of the 8th over - 0 runs, 0 hits, 0 errors, 0 left on base; London 2 - Paris 2 |
| TOP OF THE 9TH |
|
London Majors batting - Pitching for Paris Cubs : RHP Tyler McCoy
|
|
Pitching: RHP Justin Rodrigues
|
|
|
Batting: LHB Danny Hamilton
|
0-0: Ball 1-0: Foul Ball, location: 2F 1-1: Called Strike 1-2: Ball 2-2: Foul Ball, location: 2F 2-2: Strikes out swinging, 2-3 out at first.
|
|
Batting: LHB Trevor Durbin
|
0-0: Called Strike 0-1: Swinging Strike 0-2: Ball 1-2: Foul Ball, location: 2F 1-2: Foul Ball, location: 2F 1-2: Ball 2-2: Ground out 4-3 (Groundball, 4, EV 78.8 MPH)
|
|
Pinch Hitting: RHB Adler Cananis
|
0-0: Ball 1-0: Called Strike 1-1: Foul Ball, location: 2F 1-2: Ball 2-2: Foul Ball, location: 2F 2-2: Strikes out swinging
|
| Top of the 9th over - 0 runs, 0 hits, 0 errors, 0 left on base; London 2 - Paris 2 |
|